 Dungeon Crawl Stone Soup version 0.30-a0-652-gcc886f7154 (webtiles) character file.

Game seed: 11069046104376833520

302 Dirtsage the Changer (level 6, 0/38 HPs)
             Began as an Octopode Transmuter on Jan 17, 2023.
             Slain by Pikel
             ... wielding a +1 whip of flaming
              (8 damage)
             ... on level 3 of the Dungeon.
             The game lasted 00:04:23 (2513 turns).

Dirtsage the Changer (Octopode Transmuter)          Turns: 2513, Time: 00:04:24

Health: 0/38       AC:  1    Str: 10    XL:     6   Next: 37%
Magic:  8/9        EV: 13    Int: 17    God:
Gold:   173        SH:  0    Dex: 12    Spells: 2/9 levels left

rFire   . . .      SeeInvis +      - Unarmed
rCold   . . .      Faith    .    (no shield)
rNeg    . . .      Spirit   .    (helmet currently unavailable)
rPois   .          Reflect  .    (no amulet)
rElec   .          Harm     .    S - ring of see invisible
rCorr   .          Rampage  .    (no ring)
Will    .....                    (no ring)
Stlth   +++                      (no ring)
HPRegen 0.26/turn                (no ring)
MPRegen 0.11/turn                (no ring)
                                 (no ring)
                                 (no ring)

@: appendages (expiring), wereblooded (expiring)
A: tentacle spike 3, almost no armour, amphibious, 8 rings, camouflage 2,
gelatinous body 1, (nimble swimmer 1), tentacles, antennae 1
a: End Transformation


You were on level 3 of the Dungeon.
One of your tentacles had grown a beastly spike.
You visited 1 branch of the dungeon, and saw 4 of its levels.

You collected 173 gold pieces.

Inventory:

Jewellery
 S - a ring of see invisible (left tentacle)
Wands
 n - a wand of charming (5)
Scrolls
 f - a scroll of magic mapping {unknown}
 g - a scroll of brand weapon {unknown}
 l - 2 scrolls of identify {unknown}
 o - a scroll of fog {unknown}
 p - a scroll of amnesia {unknown}
Potions
 a - a potion of lignification
 b - a potion of cancellation {unknown}
 c - a potion of haste {unknown}
 d - a potion of mutation
 e - a potion of invisibility {unknown}
 h - a potion of berserk rage {unknown}
 i - a potion of flight {unknown}
 j - 2 potions of brilliance {unknown}
 k - 4 potions of heal wounds {unknown}
 m - a potion of might {unknown}


   Skills:
 - Level 1.0 Fighting
 - Level 2.0 Dodging
 - Level 3.0 Unarmed Combat
 - Level 2.0 Spellcasting
 * Level 4.8 Transmutations
 * Level 4.2 Ice Magic


You had 2 spell levels left.
You knew the following spells:

 Your Spells              Type           Power      Damage    Failure   Level
a - Beastly Appendage     Tmut           36%        N/A       2%          1
b - Wereblood             Tmut           18%        N/A       4%          2
c - Ice Form              Ice/Tmut       17%        N/A       30%         4

Your spell library contained the following spells:

 Spells                   Type           Power      Damage    Failure   Level
 Spider Form              Tmut/Pois      9%         N/A       22%         3
 Dazzling Flash           Conj/Hex       2%         N/A       50%         3
 Agony                    Necr           1%         N/A       99%         5
 Silence                  Hex/Air        0%         N/A       99%         5


Dungeon Overview and Level Annotations

Branches:
Dungeon (4/15)
 Temple: D:4-7

Altars:

Portals:
Ossuary: D:4

Annotations:
D:3 Pikel


Innate Abilities, Weirdness & Mutations

One of your tentacles has grown a beastly spike.
You cannot wear most types of armour.
You are amphibious.
You can wear up to eight rings at the same time.
Your skin blends seamlessly with your surroundings (Stealth++).
Your rubbery body absorbs attacks. (AC +1, EV +1)
((You are camouflaged when in or above water. (Stealth+)))
You have tentacles for arms and can constrict up to eight enemies at once.
You have a pair of small antennae on your head.


Message History

Casting: Beastly Appendage (safe; 2% risk of failure)
Confirm with . or Enter, or press ? or * to list all spells.
Your blood is infused with primal strength.
The lemure hits you but does no damage.
You now have 6/9 mp.
The lemure attacks as you move away! The lemure hits you.
You take 1 damage, and have 37/38 hp.
Pikel says, "Antaeus said I was his favorite kobold.
Me!"
The lemure attacks as you move away! The lemure misses you.
Health restored: 38 The lemure attacks as you move away!
The lemure hits you!
You take 8 damage, and have 30/38 hp.
MASSIVE DAMAGE!!
The lemure closely misses you. The lemure misses you.
A lemure comes into view.
There is an open door here.
The lemure attacks as you move away! The lemure misses you.
Your transformation is almost over.
Pikel attacks as you move away!
Pikel hits you with a +1 whip of flaming.
Pikel burns you.
There is a stone staircase leading up here.
You take 6 damage, and have 25/38 hp.
Pikel hits you with a +1 whip of flaming.
Pikel burns you.
You climb upwards.
There is a stone staircase leading down here.
You take 7 damage, and have 18/38 hp.
You tentacle-slap Pikel. Your grab misses Pikel. Your squeeze misses Pikel.
Pikel is lightly wounded.
Your primal bloodlust is almost over.
Pikel hits you with a +1 whip of flaming!
* * * LOW HITPOINT WARNING * * *
Pikel burns you.
* * * LOW HITPOINT WARNING * * *
You take 10 damage, and have 8/38 hp.
MASSIVE DAMAGE!!
You barely miss Pikel. You grab Pikel.
You pierce Pikel, but do no damage.
Pikel is lightly wounded.
You constrict Pikel, but do no damage.
Pikel hits you with a +1 whip of flaming!
You die...

#####...................#.#######
....+................<.......#
#####....#.#...........##.##.#
#....#.#...........##.##.#
#####....#.............##.##.#
.........#.#.#########....##.#
.........#.#...#######..####.#
......####.###.K.##..........#
......# #......@...##########
......# ############ ......#
......# ......# ......# ......#
......# ......#


You could see Pikel.

Vanquished Creatures
  Sigmund (D:2)
  Natasha (twice) (D:2)
  A gnoll (D:1)
  3 adders (D:2)
  3 worms
  A dart slug (D:3)
  4 orcs (D:3)
  4 ball pythons
  4 endoplasms
  3 giant cockroaches (D:3)
  4 goblins
  5 hobgoblins
  4 kobolds
  2 quokkas
  2 bats
  12 frilled lizards
  3 rats
58 creatures vanquished.

Vanquished Creatures (others)
  5 plants (D:2)
5 creatures vanquished.

Grand Total: 63 creatures vanquished

Notes
Turn   | Place    | Note
-------+----------+-------------------------------------------
     0 | D:1      | Dirtsage the Octopode Transmuter began the quest for the
                  | Orb.
     0 | D:1      | Reached XP level 1. HP: 13/13 MP: 3/3
   226 | D:1      | Reached skill level 1 in Ice Magic
   226 | D:1      | Reached XP level 2. HP: 18/18 MP: 3/5
   233 | D:1      | Learned a level 2 spell: Wereblood
   562 | D:2      | Reached XP level 3. HP: 18/23 MP: 2/6
   822 | D:2      | Noticed Sigmund
   832 | D:2      | Gained mutation: You have a pair of small antennae on your
                  | head. [potion of mutation]
   832 | D:2      | Gained mutation: You sometimes lose your temper in combat.
                  | [potion of mutation]
   832 | D:2      | Lost mutation: You sometimes lose your temper in combat.
                  | [potion of mutation]
   832 | D:2      | Gained mutation: Your skin blends seamlessly with your
                  | surroundings (Stealth++). [potion of mutation]
   839 | D:2      | Killed Sigmund
   840 | D:2      | Reached XP level 4. HP: 8/28 MP: 7/7
   840 | D:2      | Reached XP level 5. HP: 9/33 MP: 8/8
  1068 | D:2      | Noticed Natasha
  1088 | D:2      | Killed Natasha
  1089 | D:2      | Reached XP level 6. HP: 15/38 MP: 6/9
  1253 | D:2      | Noticed Natasha
  1292 | D:2      | Killed Natasha
  1395 | D:2      | Learned a level 4 spell: Ice Form
  2136 | D:3      | Found a faded altar of an unknown god.
  2474 | D:4      | Found a sand-covered staircase.
  2475 | D:4      | Noticed Pikel
  2513 | D:3      | Slain by Pikel

Illustrated notes

Levels and vault maps discovered:
D:1:      dpeg_arrival_arbitrary_a, layout_rooms
D:2:      layout_basic, grunt_decor_junction, minmay_lizard_king, uniq_sigmund,
          uniq_natasha
D:3:      layout_basic, ebering_ecumenical_altar_rust, st_stairs_8
D:4:      layout_gridville, minmay_temple_entry_glassed_door,
          lightli_ossuary_entry_decrepit_ruins, minmay_fire_ice_demons,
          uniq_pikel

Skill      XL: |  1  2  3  4  5  6 |
---------------+-------------------+-----
Ice Magic      | 1 3 4 |  4.2
Transmutations | 4 |  4.8
Fighting       | |  1.0
Dodging        | |  2.0
Unarmed Combat | |  3.0
Spellcasting   | |  2.0

Action                   |  1- 3 |  4- 6 || total
-------------------------+-------+-------++-------
Melee: Unarmed           |    45 |    81 ||   126
       Constrict         |    11 |    24 ||    35
       Kick              |     7 |    22 ||    29
       Tentacles         |     5 |    12 ||    17
       Punch             |     1 |     1 ||     2
 Cast: Beastly Appendage |     8 |    16 ||    24
       Wereblood         |     2 |     5 ||     7
  Use: Potion            |     1 |       ||     1
 Stab: Sleeping          |     1 |     5 ||     6
Armor: Skin              |     2 |     9 ||    11
Dodge: Dodged            |    29 |    46 ||    75

Table legend: (Time is in decaauts)
 A = Elapsed time spent in this place.
 B = Non-inter-level travel time spent in this place.
 C = Inter-level travel time spent in this place.
 D = Time resting spent in this place.
 E = Time spent auto-exploring this place.
 F = Levels seen in this place.
 G = Mean time per level.
                   A        B        C        D        E       F      G
               +--------+--------+--------+--------+--------+-----+--------+
         Total |   2504 |   2401 |    103 |      0 |   1969 |   4 |  626.0 |
       Dungeon |   2504 |   2401 |    103 |      0 |   1969 |   4 |  626.0 |
               +--------+--------+--------+--------+--------+-----+--------+

Top non-repeatable levels by time:
     D:2: 1158 daAuts
     D:3: 709 daAuts
     D:1: 553 daAuts
     D:4: 83 daAuts
